 Dungeon Sprint DCSS version 0.26-a0-708-g17f3b190f9 (webtiles) character file.

Game seed: 5477510875407317001

5635 mhtbhm the Impaler (level 10, 1/100 HPs)
             Began as a Minotaur Fighter on Oct 29, 2020.
             Was the Champion of Makhleb.
             Quit the game in the Dungeon (Sprint IX: "|||||||||||||||||||||||||||||").
             The game lasted 00:01:56 (1241 turns).

mhtbhm the Impaler (Minotaur Fighter)               Turns: 1241, Time: 00:01:57

Health: 1/100      AC: 11    Str: 23    XL:     10   Next: 46%
Magic:  9/9        EV:  8    Int:  8    God:    Makhleb [******]
Gold:   0          SH:  0    Dex: 14    Spells: 9/9 levels left

rFire    . . .     SeeInvis .   a - +0 trident
rCold    . . .     Faith    .   c - +0 kite shield
rNeg     . . .     Spirit   .   b - +2 ring mail
rPois    .         Reflect  .   (helmet restricted)
rElec    .         Harm     .   (no cloak)
rCorr    .         Rampage  .   (no gloves)
MR       .....     NoTele   +   o - +0 pair of boots
Stlth    +.........             (no amulet)
HPRegen  0.26/turn              p - +3 ring of dexterity
MPRegen  0.11/turn              q - +3 ring of intelligence

@: petrifying, berserk cooldown, slowed, very slow
A: retaliatory headbutt, horns 2
a: Minor Destruction, Lesser Servant of Makhleb, Major Destruction, Greater
Servant of Makhleb, Renounce Religion


You were in the Dungeon.
You worshipped Makhleb.
Makhleb was exalted by your worship.
You visited 1 branch

Inventory:

Hand Weapons
 a - a +0 trident (weapon)
Armour
 b - a +2 ring mail (worn)
 c - a +0 kite shield (worn)
 o - a +0 pair of boots (worn)
Jewellery
 p - a +3 ring of dexterity (left hand)
 q - a +3 ring of intelligence (right hand)
Wands
 n - a wand of acid (5)
Scrolls
 j - 2 scrolls of blinking
 l - 3 scrolls of remove curse
 m - 2 scrolls of amnesia
 s - 2 scrolls of identify
 t - a scroll of fear
 u - 2 scrolls of fog
Potions
 d - 2 potions of might
 e - 6 potions of curing
 f - 6 potions of heal wounds
 g - a potion of haste
 h - 4 potions of magic
 k - a potion of invisibility
 r - a potion of stabbing


   Skills:
 + Level 12.8 Fighting
 + Level 15.1 Polearms
 + Level 13.8 Armour
 + Level 7.8 Dodging
 + Level 0.3 Stealth
 + Level 14.7 Shields
 + Level 2.9 Evocations


You had 9 spell levels left.
You didn't know any spells.
Your spell library was empty.

Dungeon Overview and Level Annotations

Branches:
Dungeon (1/1)

Altars:
Cheibriados
Dithmenos
Elyvilon
Fedhas
Gozag
Hepliaklqana
Kikubaaqudgha
Makhleb
Nemelex Xobeh
Okawaru
Qazlal
Ru
Sif Muna
Trog
Uskayaw
Vehumet
Wu Jian
Xom
Yredelemnul
Zin
The Shining One
Beogh
Jiyva
Lugonu


Innate Abilities, Weirdness & Mutations

You reflexively headbutt those who attack you in melee.
You have a pair of horns on your head.


Message History

You block the catoblepas's attack.
You hit the catoblepas but do no damage.
The catoblepas is almost dead.
The catoblepas gores you!
* * * LOW HITPOINT WARNING * * *
You hit the catoblepas.
You headbutt the catoblepas, but do no damage.
The catoblepas is almost dead.
The catoblepas breathes a plume of calcifying dust at you.
The blast of calcifying dust hits you.
* * * LOW HITPOINT WARNING * * *
You barely miss the catoblepas.
You headbutt the catoblepas, but do no damage.
The catoblepas is almost dead.
You are engulfed in calcifying dust.
You are slowing down.
Unknown command.
Unknown command.
Unknown command.
Are you sure you want to abandon this character and quit the game? (Confirm with "yes".)

▓.▓.▓_▓
▓.▓.▓_▓
▓.▓.▓_▓
▓.▓.▓_▓
▓†▓.▓_▓
▓'▓.▓_▓
▓.▓.▓_▓
▓Y▓.▓_▓
▓@▓.▓_▓
▓§▓.▓_▓
▓§▓.▓_▓
▓.▓.▓_▓
▓.▓.▓_▓
▓.▓.▓_▓
▓.▓.▓_▓
▓'▓.▓_▓
▓.▓.▓_▓


You could see a catoblepas.

Vanquished Creatures
  A hydra (D)
  A death yak (D)
  A black mamba (D)
  A gargoyle (D)
  4 cane toads (D)
  2 komodo dragons (D)
  A troll (D)
  A polar bear (D)
  A hornet (D)
  2 shadows (D)
  2 yaks (D)
  A soldier ant (D)
  An orc warrior (D)
  2 black bears (D)
  A big kobold (D)
  2 bullfrogs (D)
  A scorpion (D)
  A wight (D)
  2 hounds (D)
  An orc wizard (D)
  An iguana (D)
  A white imp (D)
  An ooze (D)
  A goblin (D)
  A quokka (D)
  A bat (D)
  A giant cockroach zombie (D)
  2 rats (D)
38 creatures vanquished.

Vanquished Creatures (others)
  A blink frog (D)
1 creature vanquished.

Grand Total: 39 creatures vanquished

Notes
Turn   | Place    | Note
-------+----------+-------------------------------------------
     0 | D        | mhtbhm the Minotaur Fighter began the quest for the Orb.
     0 | D        | Reached XP level 1. HP: 19/19 MP: 0/0
    11 | D        | Reached XP level 2. HP: 28/28 MP: 1/1
   118 | D        | Noticed a scorpion
   128 | D        | Reached skill level 5 in Fighting
   128 | D        | Reached skill level 3 in Polearms
   128 | D        | Reached skill level 5 in Armour
   128 | D        | Reached skill level 5 in Shields
   128 | D        | Reached XP level 3. HP: 26/36 MP: 2/2
   136 | D        | Reached skill level 4 in Polearms
   136 | D        | Reached skill level 1 in Dodging
   136 | D        | Reached XP level 4. HP: 25/44 MP: 3/3
   138 | D        | Reached skill level 5 in Polearms
   147 | D        | Found a roughly hewn altar of Beogh.
   147 | D        | Found a snail-covered altar of Cheibriados.
   147 | D        | Found a shadowy altar of Dithmenos.
   147 | D        | Found a white marble altar of Elyvilon.
   147 | D        | Found a blossoming altar of Fedhas.
   147 | D        | Found an opulent altar of Gozag.
   148 | D        | Found a hazy altar of Hepliaklqana.
   149 | D        | Found a viscous altar of Jiyva.
   150 | D        | Found an ancient bone altar of Kikubaaqudgha.
   151 | D        | Found a corrupted altar of Lugonu.
   152 | D        | Found a burning altar of Makhleb.
   153 | D        | Found a sparkling altar of Nemelex Xobeh.
   154 | D        | Found an iron altar of Okawaru.
   155 | D        | Found a stormy altar of Qazlal.
   156 | D        | Found a sacrificial altar of Ru.
   157 | D        | Found a shimmering blue altar of Sif Muna.
   158 | D        | Found a bloodstained altar of Trog.
   159 | D        | Found a hide-covered altar of Uskayaw.
   160 | D        | Found a radiant altar of Vehumet.
   161 | D        | Found an ornate altar of the Wu Jian Council.
   164 | D        | Became a worshipper of Makhleb the Destroyer
   167 | D        | Found a shimmering altar of Xom.
   168 | D        | Found a basalt altar of Yredelemnul.
   169 | D        | Found a glowing silver altar of Zin.
   170 | D        | Found a glowing golden altar of the Shining One.
   284 | D        | Noticed an orc warrior
   284 | D        | Noticed a gargoyle
   287 | D        | Reached XP level 5. HP: 32/52 MP: 4/4
   287 | D        | Reached skill level 6 in Polearms
   287 | D        | Reached * piety under Makhleb
   289 | D        | Killed an orc warrior
   289 | D        | Reached XP level 6. HP: 36/62 MP: 5/5
   289 | D        | Reached skill level 7 in Polearms
   293 | D        | Killed a gargoyle
   293 | D        | Reached ** piety under Makhleb
   293 | D        | Reached skill level 8 in Polearms
   293 | D        | Reached skill level 10 in Armour
   293 | D        | Reached XP level 7. HP: 40/70 MP: 6/6
   436 | D        | Noticed a shadow
   436 | D        | Noticed a hornet
   436 | D        | Noticed a troll
   436 | D        | Noticed a shadow
   452 | D        | Reached skill level 9 in Polearms
   452 | D        | Reached skill level 10 in Shields
   452 | D        | Reached skill level 1 in Evocations
   462 | D        | Killed a shadow
   462 | D        | Reached skill level 10 in Fighting
   468 | D        | Killed a troll
   468 | D        | Reached skill level 10 in Polearms
   468 | D        | Reached XP level 8. HP: 41/80 MP: 7/7
   470 | D        | Reached *** piety under Makhleb
   473 | D        | Killed a hornet
   678 | D        | Noticed a cane toad
   678 | D        | Noticed a polar bear
   678 | D        | Noticed a cane toad
   681 | D        | Killed a cane toad
   681 | D        | Reached skill level 11 in Polearms
   683 | D        | Reached **** piety under Makhleb
   683 | D        | Noticed a cane toad
   688 | D        | Noticed a black mamba
   693 | D        | Reached skill level 5 in Dodging
   693 | D        | Reached XP level 9. HP: 89/89 MP: 8/8
   709 | D        | Killed a polar bear
   715 | D        | Reached skill level 12 in Polearms
   724 | D        | Killed a cane toad
   729 | D        | Reached ***** piety under Makhleb
   735 | D        | Killed a cane toad
   735 | D        | Reached skill level 13 in Polearms
   739 | D        | Killed a black mamba
   970 | D        | Noticed a komodo dragon
   970 | D        | Noticed a komodo dragon
   970 | D        | Noticed a four-headed hydra
   970 | D        | Noticed a death yak
   975 | D        | Noticed a cane toad
   983 | D        | Killed a death yak
   983 | D        | Reached XP level 10. HP: 56/97 MP: 9/9
   992 | D        | Killed a four-headed hydra
   992 | D        | Reached skill level 14 in Polearms
   994 | D        | Noticed a catoblepas
  1197 | D        | Killed a cane toad
  1197 | D        | Reached ****** piety under Makhleb
  1197 | D        | Reached skill level 15 in Polearms
  1233 | D        | HP: 3/100 [catoblepas (4)]
  1238 | D        | HP: 5/100 [catoblepas (11)]
  1239 | D        | HP: 1/100 [catoblepas/blast of calcifying dust (5)]
  1241 | D        | Quit the game

Illustrated notes

Levels and vault maps discovered:
D:        linesprint [early_d, line_temple, items_1, d_10, items_2, lair_1,
          lair_end, items_3, orc_1, orc_end, items_4, d_15, swamp_1, shoals_1,
          snake_1, spider_1, d_20, vaults_1, items_5, swamp_end, shoals_end,
          snake_end, spider_end, vaults_end, d_27, items_6, zot_1, zot_end,
          crypt_end, forest_end, elf_end, slime_end, tomb_end, abyss_end,
          pan_hell_end]

Skill      XL: |  1  2  3  4  5  6  7  8  9 10 |
---------------+-------------------------------+-----
Fighting       | 4 5 6 7 8 9 10 11 12 | 12.8
Armour         | 4 5 6 7 9 10 11 13 | 13.8
Shields        | 4 5 6 7 8 9 10 11 13 14 | 14.7
Polearms       | 3 4 5 6 8 10 11 13 15 | 15.1
Dodging        | 1 2 3 5 6 7 |  7.8
Evocations     | 1 2 |  2.9
Stealth        | |  0.3

Action                   |  1- 3 |  4- 6 |  7- 9 | 10-12 || total
-------------------------+-------+-------+-------+-------++-------
Melee: Trident           |    26 |    10 |   107 |    61 ||   204
       Headbutt          |     3 |     3 |    24 |    23 ||    53
Evoke: Wand              |       |     3 |     1 |     1 ||     5
  Use: Potion            |       |       |     1 |     2 ||     3
       Scroll            |       |       |       |     1 ||     1
Armor: Scale mail        |    11 |     2 |       |       ||    13
       Ring mail         |       |       |    20 |    17 ||    37
Dodge: Dodged            |    10 |     1 |    31 |    12 ||    54
Block: Kite shield       |     8 |     2 |    57 |    21 ||    88

Table legend: (Time is in decaauts)
 A = Elapsed time spent in this place.
 B = Non-inter-level travel time spent in this place.
 C = Inter-level travel time spent in this place.
 D = Time resting spent in this place.
 E = Time spent auto-exploring this place.
 F = Levels seen in this place.
 G = Mean time per level.
                   A        B        C        D        E       F      G
               +--------+--------+--------+--------+--------+-----+--------+
         Total |   1202 |   1202 |      0 |    685 |    161 |   1 | 1202.0 |
       Dungeon |   1202 |   1202 |      0 |    685 |    161 |   1 | 1202.0 |
               +--------+--------+--------+--------+--------+-----+--------+

Top non-repeatable levels by time:
       D: 1202 daAuts
